 Dungeon Crawl Stone Soup version 0.30-a0-1103-g25895a7845 (webtiles) character file.

Game seed: 16911493423566053544

1799 jasper the Cudgeller (level 8, -1/62 (79) HPs)
             Began as a Troll Gladiator on Apr 18, 2023.
             Was an Initiate of Okawaru.
             Collided with a rock wall (11 damage)
             ... caused by Erica
             ... on level 8 of the Dungeon.
             The game lasted 00:08:43 (4981 turns).

jasper the Cudgeller (Troll Gladiator)              Turns: 4981, Time: 00:08:44

HP:   -1/62 (79)    AC:  7    Str: 25    XL:     8   Next: 83%
MP:   7/7           EV: 13    Int:  4    God:    Okawaru [......]
Gold: 395           SH:  6    Dex: 11    Spells: 7/7 levels left

rFire   + . .      SeeInvis .    a - +0 flail (protect)
rCold   . . .      Faith    .    s - +0 kite shield
rNeg    . . .      Spirit   .    u - +2 robe {rF+}
rPois   +          Reflect  .    c - +1 hat
rElec   .          Rampage  .    (no cloak)
rCorr   .                        (gloves unavailable)
Will    .....                    (boots unavailable)
Stlth   +                        (no amulet)
HPRegen 1.10/turn                k - ring of poison resistance
MPRegen 0.10/turn                B - +5 ring of evasion

@: mighty, on berserk cooldown, heavily drained
A: large, unfitting armour, claws 3, regeneration 1, shaggy fur 1, tough skin 1
a: Renounce Religion


You were on level 8 of the Dungeon.
You worshipped Okawaru.
Okawaru was noncommittal.
You visited 2 branches of the dungeon, and saw 9 of its levels.

You collected 449 gold pieces.
You spent 54 gold pieces at shops.

Inventory:

Hand Weapons
 a - a +0 flail of protection (weapon)
 F - a +0 morningstar
Missiles
 d - 3 throwing nets
 e - 3 large rocks (quivered)
 q - 6 silver javelins
 x - 3 poisoned darts
Armour
 b - a +0 robe
 c - a +1 hat (worn)
 s - a +0 kite shield (worn)
 u - a +2 robe of fire resistance (worn)
Jewellery
 g - a ring of willpower
 k - a ring of poison resistance (left claw)
 o - a ring of positive energy
 y - a ring of positive energy
 B - a +5 ring of evasion (right claw)
Wands
 C - a wand of iceblast (11)
 D - a wand of charming (13)
Scrolls
 h - a scroll of fear
 r - 3 scrolls of teleportation
 t - a scroll of enchant armour
 z - a scroll of fog
 G - a scroll of blinking
Potions
 f - 2 potions of haste
 i - a potion of might
 j - 2 potions of cancellation
 l - 2 potions of degeneration
 m - 2 potions of ambrosia
 n - 2 potions of mutation
 v - a potion of magic


   Skills:
 + Level 4.4(2.2) Fighting
 * Level 7.2(3.6) Maces & Flails
 + Level 4.7(2.3) Throwing
 - Level 0.3(0.1) Armour
 + Level 4.9(2.4) Dodging


You had 7 spell levels left.
You didn't know any spells.
Your spell library contained the following spells:

 Spells                   Type           Power      Damage    Failure   Level
 Shock                    Conj/Air       0%         1d3       83%         1
 Dazzling Flash           Conj/Hex       0%         N/A       99%         3
 Frozen Ramparts          Ice            0%         1d1       99%         3
 Swiftness                Air            0%         N/A       99%         3
 Airstrike                Air            0%         2d(0-16)  100%        4
 Cause Fear               Hex            0%         N/A       100%        4
 Ice Form                 Ice/Tmut       0%         N/A       100%        4
 Agony                    Necr           0%         N/A       100%        5
 Silence                  Hex/Air        0%         N/A       100%        5
 Dragon Form              Tmut           0%         N/A       100%        7
 Summon Ice Beast         Ice/Summ       Unusable   N/A       N/A         4
 Dragon's Call            Summ           Unusable   N/A       N/A         9

Dungeon Overview and Level Annotations

Branches:
Dungeon (8/15)             Temple (1/1) D:7
   Lair: D:8-11

Altars:
Ashenzari
Cheibriados
Elyvilon
Fedhas
Kikubaaqudgha
Makhleb
Nemelex Xobeh
Okawaru
Qazlal
Ru
Trog
Uskayaw
Vehumet
Wu Jian
Xom

Shops:
D:4 [*

Annotations:
D:8 Erica


Innate Abilities, Weirdness & Mutations

You are too large for most types of armour.
You have claws for hands.
Your natural rate of healing is unusually fast.
You are covered in fur. (AC +1)
You have tough skin. (AC +1)


Message History

You are knocked back by the lance of force.
You slam into the rock wall!
You take 25 damage, and have 24/62 hp.
MASSIVE DAMAGE!!
You regained 2 hp, and now have 26/62 hp.
You miss something. Something hits you! Something barely misses you.
You hear some strange, mumbled words.
A lance of force appears from out of thin air!
The lance of force hits you!
* * * LOW HITPOINT WARNING * * *
You are knocked back by the lance of force.
You slam into the rock wall!
* * * LOW HITPOINT WARNING * * *
You take 19 damage, and have 7/62 hp.
MASSIVE DAMAGE!!
You hear some strange, mumbled words.
A bolt of poison appears from out of thin air!
The bolt of poison misses you.
You regained 2 hp, and now have 9/62 hp.
You feel much better.
You hear some strange, mumbled words.
A bolt of poison appears from out of thin air!
The bolt of poison misses you. Something hits you.
You regained 19 hp, and now have 28/62 hp.
You sock something!
Your weapon exudes an aura of protection.
Something hits you! Something burns you. Something hits you.
* * * LOW HITPOINT WARNING * * *
You take 10 damage, and have 18/62 hp.
You feel much better. Something hits you.
You regained 15 hp, and now have 33/62 hp.
You closely miss something. Something hits you. Something hits you!
You take 12 damage, and have 21/62 hp.
You barely miss something.
You feel yourself speed up.
You hear some strange, mumbled words.
A lance of force appears from out of thin air!
The lance of force hits you!
* * * LOW HITPOINT WARNING * * *
You are knocked back by the lance of force.
You slam into the rock wall!
You die...

#######
+.....#
.....# .
#....# .#
#@..# #(#
#...##...##
#..{...(..#
#..<......#
+.........#
#.........#
#+#########


There were no monsters in sight!

Vanquished Creatures
  An ice beast (D:7)
  2 sky beasts
  A phantom (D:4)
  2 bullfrogs (D:7)
  4 scorpions
  8 wights (D:7)
  5 jellies
  An iron imp (D:5)
  3 iguanas (D:6)
  Jessica (D:3)
  An orc wizard (D:7)
  3 sleepcaps
  3 gnolls (D:3)
  11 adders
  4 white imps
  4 worms
  3 dart slugs
  18 orcs
  5 bats
  5 endoplasms
  6 giant cockroaches
  9 goblins
  5 hobgoblins
  13 jackals
  7 kobolds
  A quokka (D:5)
  7 ball pythons
  4 rats
137 creatures vanquished.

Vanquished Creatures (others)
  An orc wizard (D:7)
1 creature vanquished.

Grand Total: 138 creatures vanquished

Notes
Turn   | Place    | Note
-------+----------+-------------------------------------------
     0 | D:1      | jasper the Troll Gladiator began the quest for the Orb.
     0 | D:1      | Reached XP level 1. HP: 19/19 MP: 0/0
   375 | D:1      | Reached XP level 2. HP: 26/28 MP: 1/1
   464 | D:1      | Reached skill level 3 in Maces & Flails
   717 | D:1      | Reached XP level 3. HP: 35/35 MP: 2/2
  1140 | D:2      | Reached XP level 4. HP: 40/42 MP: 3/3
  1596 | D:3      | Noticed Jessica
  1597 | D:3      | Killed Jessica
  1615 | D:3      | Found a bloodstained altar of Trog.
  1799 | D:3      | Reached XP level 5. HP: 49/50 MP: 4/4
  1875 | D:3      | Reached skill level 4 in Maces & Flails
  2305 | D:4      | Found a white marble altar of Elyvilon.
  2407 | D:4      | Found Yzoog's Overcharged Wands.
  2423 | D:4      | Reached XP level 6. HP: 59/59 MP: 5/5
  2434 | D:4      | Found Caprih's Armour Emporium.
  2647 | D:4      | Bought a +0 kite shield for 54 gold pieces
  2704 | D:4      | Found an ancient bone altar of Kikubaaqudgha.
  2826 | D:5      | Entered Level 5 of the Dungeon
  2836 | D:5      | Found an ornate altar of the Wu Jian Council.
  2870 | D:5      | Reached skill level 5 in Maces & Flails
  2876 | D:5      | Reached XP level 7. HP: 37/67 MP: 6/6
  2985 | D:5      | Found a snail-covered altar of Cheibriados.
  3403 | D:6      | Reached skill level 6 in Maces & Flails
  3452 | D:6      | Reached XP level 8. HP: 73/78 MP: 7/7
  3903 | D:7      | Found a staircase to the Ecumenical Temple.
  3965 | Temple   | Entered the Ecumenical Temple
  3965 | Temple   | Found a transporter.
  3965 | Temple   | Found a transporter.
  3967 | Temple   | Found a transporter.
  3967 | Temple   | Found a transporter.
  4006 | Temple   | Became a worshipper of Ashenzari the Shackled
  4050 | D:7      | Found an iron altar of Okawaru.
  4084 | D:7      | Fell from the grace of Ashenzari
  4086 | D:7      | Became a worshipper of Warmaster Okawaru
  4348 | D:7      | Reached skill level 7 in Maces & Flails
  4845 | D:8      | Noticed Erica
  4981 | D:8      | Collided with a rock wall

Illustrated notes

Levels and vault maps discovered:
D:1:      wheals_arrival_shading, layout_basic, minmay_misc_feat_ornament,
          minivault_19
D:2:      layout_loops_ring, st_stairs_14
D:3:      layout_loops_cross, mainiacjoe_overflow_surrounded_room, uniq_jessica
D:4:      layout_cave_pools, nicolae_overflow_crystal_walls,
          mainiacjoe_overflow_chevrons, serial_shops,
          nicolae_shop_window_shopping, nicolae_shop_overcharged_wands
D:5:      layout_rooms, slow_altar_1, mainiacjoe_overflow_concentric_impassable
D:6:      layout_basic
D:7:      layout_loops_corners, amcnicky_altar_gilded,
          minmay_temple_entry_antechambers
D:8:      layout_gridville, grunt_temple_overflow_cloverleaf, minivault_23,
          kennysheep_generic_room_12, uniq_maurice, uniq_amaemon, uniq_erica
Temple:   hellmonk_temple_divided_pantheon

Skill      XL: |  1  2  3  4  5  6  7  8 |
---------------+-------------------------+-----
Maces & Flails | 3 4 5 6 7 |  7.2
Fighting       | 2 3 4 |  4.4
Throwing       | 2 3 4 |  4.7
Dodging        | 3 4 |  4.9
Armour         | |  0.3

Action                     |  1- 3 |  4- 6 |  7- 9 || total
---------------------------+-------+-------+-------++-------
  Melee: Flail             |   113 |   229 |   267 ||   609
         Punch             |     1 |     1 |       ||     2
         Unarmed           |       |       |     1 ||     1
  Throw: Large rock        |       |     8 |     9 ||    17
 Invoke: Renounce Religion |       |       |     1 ||     1
    Use: Scroll            |       |    12 |     6 ||    18
         Potion            |       |       |     7 ||     7
   Stab: Sleeping          |     1 |     1 |       ||     2
 Armour: Robe              |    47 |   128 |    96 ||   271
         Skin              |       |       |     7 ||     7
  Dodge: Dodged            |    65 |   136 |   137 ||   338
  Block: Kite shield       |       |    10 |    74 ||    84

Table legend: (Time is in decaauts)
 A = Elapsed time spent in this place.
 B = Non-inter-level travel time spent in this place.
 C = Inter-level travel time spent in this place.
 D = Time resting spent in this place.
 E = Time spent auto-exploring this place.
 F = Levels seen in this place.
 G = Mean time per level.
                   A        B        C        D        E       F      G
               +--------+--------+--------+--------+--------+-----+--------+
         Total |   5166 |   5015 |    151 |    100 |   3303 |   9 |  574.0 |
       Dungeon |   5103 |   4961 |    142 |    100 |   3302 |   8 |  637.9 |
        Temple |     62 |     53 |      9 |      0 |      1 |   1 |   62.0 |
               +--------+--------+--------+--------+--------+-----+--------+

Top non-repeatable levels by time:
     D:7: 1184 daAuts
     D:1: 993 daAuts
     D:3: 737 daAuts
     D:2: 614 daAuts
     D:4: 557 daAuts
     D:6: 491 daAuts
     D:5: 473 daAuts
  Temple: 62 daAuts
     D:8: 50 daAuts
